 Dungeon Crawl Stone Soup version 0.31.0-32-g396128a36d (webtiles) character file.

Game seed: 10399532189519440467

11310 PaiMei the Merchant of Misery (level 11, -9/89 HPs)
             Began as a Demonspawn Necromancer on Apr 10, 2024.
             Was a Believer of Kikubaaqudgha.
             Incinerated by a deep elf pyromancer (13 damage)
             ... with a pyre arrow
             ... on level 11 of the Dungeon.
             The game lasted 00:25:44 (19562 turns).

PaiMei the Merchant of Misery (DsNe)               Turns: 19562, Time: 00:25:44

Health: -9/89      AC: 22    Str:  8    XL:     11   Next: 47%
Magic:  20/23      EV: 14    Int: 19    God:    Kikubaaqudgha [**....]
Gold:   937        SH:  9    Dex: 15    Spells: 14/27 levels left

rFire   . . .        J - +4 mace (freeze)
rCold   . . .        K - +0 buckler
rNeg    . . .        H - +0 troll leather armour
rPois   .            (helmet restricted)
rElec   .            d - +2 cloak
rCorr   .            a - +1 pair of gloves
SInv    .            p - +0 pair of boots
Will    .....        m - amulet of reflection
Stlth   +            P - ring of wizardry
HPRegen 1.14/turn    S - +4 ring of protection
MPRegen 0.18/turn

%: reflection, wizardry (x1)
@: on fire, sanguine armoured, attractive, glowing
A: horns 1, ignite blood 1, sanguine armour 2, demonic magic 1
a: Renounce Religion, Unearth Wretches


You were on level 11 of the Dungeon.
You worshipped Kikubaaqudgha.
Kikubaaqudgha was pleased with you.
You visited 2 branches of the dungeon, and saw 12 of its levels.

You collected 1033 gold pieces.
You spent 96 gold pieces at shops.

Inventory:

Hand Weapons
 F - a +2 whip of draining
 J - a +4 mace of freezing (weapon)
Missiles
 k - 7 javelins
 q - 21 poisoned darts
 I - a curare-tipped dart
Armour
 a - a +1 pair of gloves (worn)
 d - a +2 cloak (worn)
 p - a +0 pair of boots (worn)
 v - a +2 robe of cold resistance
 H - a +0 troll leather armour (worn)
 K - a +0 buckler (worn)
 N - +0 acid dragon scales
Jewellery
 m - an amulet of reflection (around neck)
 P - a ring of wizardry (left hand)
 S - a +4 ring of protection (right hand)
Wands
 w - a wand of flame (20)
 B - a wand of iceblast (15)
 M - a wand of acid (5)
Scrolls
 f - a scroll of enchant weapon {unknown}
 h - 4 scrolls of identify
 j - 4 scrolls of teleportation
 l - 2 scrolls of noise {unknown}
 t - 3 scrolls of fear {unknown}
 u - a scroll of acquirement {unknown}
 x - 3 scrolls of fog {unknown}
 y - a scroll of blinking {unknown}
 C - a scroll of poison {unknown}
 D - 2 scrolls of torment {unknown}
 L - a scroll of enchant armour {unknown}
 O - a scroll of brand weapon {unknown}
 Q - 2 scrolls of amnesia {unknown}
 R - a scroll of vulnerability {unknown}
Potions
 b - 2 potions of magic
 c - a potion of attraction
 e - 2 potions of invisibility {unknown}
 g - 2 potions of mutation {unknown}
 i - 2 potions of lignification {unknown}
 n - 6 potions of curing
 r - 2 potions of ambrosia {unknown}
 s - a potion of degeneration {unknown}
 z - a potion of might {unknown}
 A - 2 potions of enlightenment {unknown}
 E - 2 potions of cancellation {unknown}
 G - a potion of resistance {unknown}


   Skills:
 + Level 9.0 Fighting
 + Level 8.7 Dodging
 - Level 2.6 Stealth
 + Level 8.7 Spellcasting
 + Level 11.0 Necromancy


You had 14 spell levels left.
You knew the following spells:

 Your Spells              Type           Power      Damage    Failure   Level
a - Necrotise             Necr           100%       1d9       1%          1
b - Vampiric Draining     Necr           50%        2d9       1%          3
c - Animate Dead          Necr           50%        N/A       1%          4
d - Curse of Agony        Necr           50%        N/A       2%          5

Your spell library contained the following spells:

 Spells                   Type           Power      Damage    Failure   Level
 Cigotuvi's Dreadful Rot  Necr/Alch/Air  44%        N/A       2%          2
 Magic Dart               Conj           32%        1d4       9%          1
 Blink                    Tloc           16%        N/A       12%         2
 Call Imp                 Summ           16%        N/A       12%         2
 Mercury Vapours          Alch/Air       16%        N/A       12%         2
 Mephitic Cloud           Conj/Alch/Air  8%         N/A       24%         3
 Vhi's Electric Charge    Tloc/Air       16%        N/A       58%         4
 Arcjolt                  Conj/Air       4%         1d14      89%         5
 Freezing Cloud           Conj/Ice/Air   4%         6-21      89%         5
 Maxwell's Capacitive Co  Air            4%         āˆž       100%        8


Dungeon Overview and Level Annotations

Branches:
Dungeon (11/15)            Temple (1/1) D:6            Lair (0/5) D:8
    Orc (0/2) D:10

Altars:
Ashenzari
Cheibriados
Dithmenos
Fedhas
Gozag
Hepliaklqana
Kikubaaqudgha
Makhleb
Nemelex Xobeh
Okawaru
Qazlal
Ru
Sif Muna
Trog
Uskayaw
Vehumet
Wu Jian
Xom
Yredelemnul

Shops:
D:3 !   D:4 !

Annotations:
D:3 3 runed translucent doors, flammie80's ghost, weakling FoMo; monsoonserge's ghost, weakling OpSh
D:4 Grinder
D:11 3 runed translucent doors


Innate Abilities, Weirdness & Mutations

You have a pair of small horns on your head.
Your demonic aura sometimes causes spilled blood to erupt in flames.
When seriously injured, your blood forms thick armour. (AC +9)
Spells you cast may paralyse adjacent enemies.


Message History

Press: ? - help, Shift-Dir - straight line, f - deep elf pyromancer
Aim: a deep elf pyromancer, wielding a +0 dagger You draw life force from the deep elf pyromancer!
You feel life coursing into your body. Malevolent energies surge around you.
The liquid fire burns you!
* * * LOW HITPOINT WARNING * * *
The deep elf pyromancer completely misses you.
You feel much better. The liquid fire burns you!
You block the deep elf pyromancer's attack.
You shake off some of the fire as you move.
The liquid fire burns you!
* * * LOW HITPOINT WARNING * * *
The deep elf pyromancer attacks as it pursues you!
You block the deep elf pyromancer's attack.
You shake off the liquid fire.
The fire elemental hits you. The fire elemental burns you!
* * * LOW HITPOINT WARNING * * *
The deep elf pyromancer casts a spell at you.
The pyre arrow hits you.
You are covered in intense liquid fire!
You shake off some of the fire as you move.
The liquid fire burns you!
* * * LOW HITPOINT WARNING * * *
You feel much better. The liquid fire burns you!
* * * LOW HITPOINT WARNING * * *
You block the fire elemental's attack.
As you read the scroll labelled ZUAGGI NEARHOMI, it crumbles to dust.
It is a scroll of identify.
j - 4 scrolls of teleportation The liquid fire burns you!
* * * LOW HITPOINT WARNING * * *
The fire elemental hits you. The fire elemental burns you!
* * * LOW HITPOINT WARNING * * *
It was a potion of attraction.
You feel attractive to monsters. The liquid fire burns you!
You die...
Kikubaaqudgha rasps: "You have failed me!
Welcome... death!"

..##..##.##..#.#
####.##...##.#.## #.
###.##..#..##...# ..
.#.##..###..##..# ..
..##..##)##..##.## .##
.##..##}..##..##.####...###
..##..##...##..##ā€
........^
#..##..#8#..##..##e.....###
##..##...##..##.@Eā—‹.....#
.##..##..=##..##........#
#.##..##)##..##...#.#####
##.##..###..##.####.#
###.##..#..##.## #.#
#.(..##...##.## #.#
#.###.##.##.## .# #.#
##.###.## (.# ##.#.##


You could see a deep elf pyromancer and a fire elemental (summoned).

Vanquished Creatures
  A boulder beetle (D:11)
  4 two-headed ogres
  Pikel (D:4)
  A cyclops (D:11)
  A manticore (D:11)
  3 trolls
  2 wyverns
  3 yaks (D:9)
  A warg (D:10)
  A basilisk (D:11)
  A steam dragon (D:7)
  An acid dragon (D:10)
  2 water moccasins
  3 orc warriors
  4 ice beasts
  3 black bears
  2 ogres
  2 wolves (D:10)
  3 centaurs
  A kobold brigand (D:10)
  8 bullfrogs
  3 scorpions
  11 wights
  9 killer bees
  A howler monkey (D:7)
  A bombardier beetle (D:3)
  3 hounds
  8 orc priests
  A jelly (D:4)
  Crazy Yiuf (D:4)
  A sleepcap (D:8)
  2 gnoll boudas (D:7)
  An iguana (D:5)
  Natasha (thrice) (D:3)
  6 orc wizards
  A kobold zombie (D:8)
  6 gnolls (D:7)
  4 adders
  An orc zombie (D:8)
  A white imp (D:8)
  A dart slug (D:1)
  2 ribbon worms
  27 orcs
  5 ball pythons
  5 bats
  9 endoplasms
  A giant cockroach (D:3)
  8 goblins
  8 hobgoblins
  5 quokkas
  5 frilled lizards (D:1)
  13 kobolds
  4 rats
205 creatures vanquished.

Vanquished Creatures (collateral kills)
  A boulder beetle (D:11)
  A wind drake (shapeshifter) (D:8)
  A kobold brigand (D:8)
  A bullfrog (D:8)
  An orc priest (D:8)
  An orc wizard (D:8)
  A gnoll (D:7)
  2 adders
  An orc (D:5)
  A ball python (D:2)
  An endoplasm (D:1)
  A goblin (D:1)
  A kobold (D:4)
14 creatures vanquished.

Vanquished Creatures (others)
  A cyclops zombie (D:11)
  A gnoll (D:7)
  2 orc zombies (D:9)
  A butterfly (D:4)
5 creatures vanquished.

Grand Total: 224 creatures vanquished

Notes
Turn   | Place    | Note
-------+----------+-------------------------------------------
     0 | D:1      | PaiMei the Demonspawn Necromancer began the quest for the
                  | Orb.
     0 | D:1      | Reached XP level 1. HP: 13/13 MP: 3/3
   347 | D:1      | Gained mutation: Your demonic aura sometimes causes spilled
                  | blood to erupt in flames. [demonic ancestry]
   347 | D:1      | Reached XP level 2. HP: 19/19 MP: 3/5
   977 | D:1      | Gained mutation: When seriously injured, your blood forms
                  | armour. (AC +9) [demonic ancestry]
   977 | D:1      | Reached XP level 3. HP: 21/24 MP: 0/6
  1875 | D:2      | Reached XP level 4. HP: 30/30 MP: 2/7
  2288 | D:3      | Found Etomurhu's Distillery.
  2303 | D:3      | Bought a potion of curing for 36 gold pieces
  2303 | D:3      | Bought a potion of heal wounds for 60 gold pieces
  2344 | D:3      | Found a runed translucent gate.
  2345 | D:3      | Found a runed translucent gate.
  2345 | D:3      | Found a runed translucent gate.
  2346 | D:3      | Noticed monsoonserge's ghost (weakling OpSh)
  2346 | D:3      | Noticed flammie80's ghost (weakling FoMo)
  2362 | D:3      | Learned a level 3 spell: Vampiric Draining
  2640 | D:3      | Noticed Natasha
  2649 | D:3      | Killed Natasha
  2650 | D:3      | Reached skill level 5 in Necromancy
  2657 | D:3      | Noticed Natasha
  2664 | D:3      | Killed Natasha
  2665 | D:3      | Reached skill level 1 in Fighting
  2665 | D:3      | Reached XP level 5. HP: 29/37 MP: 0/9
  3726 | D:3      | Noticed Natasha
  3731 | D:3      | Killed Natasha
  3820 | D:3      | Found a burning altar of Makhleb.
  4132 | D:4      | Noticed a lemure
  4252 | D:4      | Found Qipata Xiki's Distillery.
  4278 | D:4      | Gained mutation: When seriously injured, your blood forms
                  | thick armour. (AC +9) [demonic ancestry]
  4278 | D:4      | Reached XP level 6. HP: 44/44 MP: 1/11
  4369 | D:4      | Noticed Grinder
  4881 | D:4      | Found a runed translucent door.
  4882 | D:4      | Noticed Crazy Yiuf
  4938 | D:4      | Paralysed by Grinder for 3 turns
  5193 | D:4      | Noticed Pikel
  5207 | D:4      | Killed Pikel
  5208 | D:4      | Reached skill level 6 in Necromancy
  5208 | D:4      | Gained mutation: Spells you cast may paralyse adjacent
                  | enemies. [demonic ancestry]
  5208 | D:4      | Reached XP level 7. HP: 13/52 MP: 0/13
  5556 | D:5      | Entered Level 5 of the Dungeon
  6057 | D:4      | Killed Crazy Yiuf
  6416 | D:5      | Reached XP level 8. HP: 60/60 MP: 6/15
  6761 | D:5      | Reached skill level 7 in Necromancy
  6854 | D:5      | Reached skill level 5 in Dodging
  6854 | D:5      | Reached skill level 5 in Spellcasting
  7839 | D:6      | Reached skill level 5 in Fighting
  8075 | D:6      | Found a staircase to the Ecumenical Temple.
  8111 | Temple   | Entered the Ecumenical Temple
  8124 | Temple   | Became a worshipper of Kikubaaqudgha
  8294 | D:6      | Gained mutation: You have a pair of small horns on your
                  | head. [demonic ancestry]
  8294 | D:6      | Reached XP level 9. HP: 68/68 MP: 12/17
  8340 | D:6      | Found an opulent altar of Gozag.
  9171 | D:7      | Reached skill level 8 in Necromancy
 10060 | D:7      | Noticed a +0 falchion
 10060 | D:7      | Noticed a +0 short sword
 10060 | D:7      | Noticed a +0 short sword
 10060 | D:7      | Noticed a +0 spear
 10060 | D:7      | Noticed a +0 falchion
 10060 | D:7      | Noticed a +0 spear
 10061 | D:7      | Noticed a +0 dagger
 10062 | D:7      | Noticed a +0 dagger
 10066 | D:7      | Found a hide-covered altar of Uskayaw.
 10136 | D:7      | Reached * piety under Kikubaaqudgha
 10136 | D:7      | Received a gift from Kikubaaqudgha
 10585 | D:8      | Learned a level 4 spell: Animate Dead
 10591 | D:8      | Learned a level 5 spell: Curse of Agony
 10592 | D:8      | Noticed a two-headed ogre
 12470 | D:8      | Reached skill level 9 in Necromancy
 13005 | D:8      | Noticed a wind drake
 13011 | D:8      | Reached XP level 10. HP: 70/77 MP: 9/20
 13207 | D:8      | Killed a two-headed ogre
 13342 | D:8      | Found a staircase to the Lair.
 13515 | D:8      | Found a shimmering blue altar of Sif Muna.
 13515 | D:8      | Found a basalt altar of Yredelemnul.
 14300 | D:9      | Reached ** piety under Kikubaaqudgha
 14819 | D:9      | Noticed a two-headed ogre
 14826 | D:9      | Killed a two-headed ogre
 15107 | D:9      | Reached skill level 10 in Necromancy
 16200 | D:9      | Found a radiant altar of Vehumet.
 16385 | D:10     | Entered Level 10 of the Dungeon
 16581 | D:10     | Found a staircase to the Orcish Mines.
 17021 | D:10     | Noticed a two-headed ogre
 17274 | D:10     | Killed a two-headed ogre
 17275 | D:10     | Reached XP level 11. HP: 59/87 MP: 15/23
 17397 | D:10     | Found a broken altar of Ashenzari.
 17750 | D:10     | Noticed a two-headed ogre
 17757 | D:10     | Killed a two-headed ogre
 18349 | D:11     | Found a runed translucent gate.
 18349 | D:11     | Found a runed translucent gate.
 18349 | D:11     | Found a runed translucent gate.
 18448 | D:11     | Noticed a boulder beetle
 19030 | D:11     | Noticed a deep elf pyromancer
 19118 | D:11     | Killed a boulder beetle
 19490 | D:11     | Noticed a boulder beetle
 19504 | D:11     | Killed a boulder beetle
 19505 | D:11     | Reached skill level 11 in Necromancy
 19559 | D:11     | HP: 2/89 [burnt (8)]
 19562 | D:11     | Incinerated by a deep elf pyromancer

Illustrated notes

Levels and vault maps discovered:
D:1:      scummos_arrival_star, layout_loops_ring
D:2:      layout_loops_corners
D:3:      cheibrodos_pilgrimage, layout_basic, mainiacjoe_overflow_alcove_4,
          gammafunk_ghost_cemetery, serial_shops, shop, uniq_natasha
D:4:      minmay_spotlight, layout_rooms, nicolae_tso_swordbearing_angel,
          nicolae_elyvilon_peaceful_grove, serial_aquarium,
          aquarium_bridge_straight [aquarium_subvault_bridge,
          aquarium_subvault_wall, aquarium_subvault_bridge,
          aquarium_subvault_wall], aquarium_window_2, aquarium_window_3,
          aquarium_window_fake, aquarium_view_2g, aquarium_view_2a,
          aquarium_balcony_3a, aquarium_pool_double, serial_shops,
          nicolae_shop_tiny_statue_garden, uniq_grinder,
          uniq_crazy_yiuf_cottage, uniq_pikel
D:5:      layout_loops_ring, serial_library_regret_index_double_sided
D:6:      layout_basic, grunt_gozag_statues, minmay_temple_entry_proselytizer
D:7:      layout_basic, nicolae_uskayaw_en_pointe
D:8:      minmay_polygon_palace, layout_basic,
          gammafunk_temple_overflow_elements, lair_entry_dummy,
          eino_tiny_chamber
D:9:      layout_loops_corners, vehumet_crystals
D:10:     layout_layer_cave, ashenzari_altar_1, minmay_orc_entry_guard_dogs
D:11:     layout_loops_corners, biasface_ghost_orc_armoury,
          minmay_diamond_spiral
Temple:   dshaligram_water_room_temple

Skill      XL: |  1  2  3  4  5  6  7  8  9 10 11 |
---------------+----------------------------------+-----
Stealth        | 2 |  2.6
Dodging        | 2 3 4 5 6 8 |  8.7
Necromancy     | 5 6 7 9 10 11 | 11.0
Fighting       | 1 2 3 4 5 6 8 9 |  9.0
Spellcasting   | 3 4 5 6 8 |  8.7

Action                     |  1- 3 |  4- 6 |  7- 9 | 10-12 || total
---------------------------+-------+-------+-------+-------++-------
  Melee: Short sword       |    26 |    23 |       |       ||    49
         Punch             |     1 |     1 |       |       ||     2
         Whip              |       |       |   206 |     8 ||   214
         Headbutt          |       |       |    37 |    34 ||    71
         Mace              |       |       |       |    97 ||    97
   Cast: Necrotise         |    84 |   107 |   102 |    32 ||   325
         Vampiric Draining |       |     5 |    78 |    55 ||   138
         Animate Dead      |       |       |     2 |     3 ||     5
         Curse of Agony    |       |       |       |     9 ||     9
  Evoke: Wand              |       |       |     6 |       ||     6
    Use: Potion            |       |       |       |     4 ||     4
         Scroll            |       |       |       |     1 ||     1
   Stab: Paralysed         |       |       |    33 |    37 ||    70
 Armour: Robe              |    44 |    26 |   134 |    30 ||   234
         Leather armour    |       |    10 |       |       ||    10
         Troll leather arm |       |       |       |    66 ||    66
  Dodge: Dodged            |    40 |    44 |   125 |    80 ||   289
  Block: Buckler           |       |       |    95 |    54 ||   149
         Other             |       |       |     1 |       ||     1
         Reflection        |       |       |     2 |     1 ||     3
